 Dungeon Crawl Stone Soup version 0.23.2-30-g0e89c35649 (webtiles) character file.

Game seed: 5107069283372267786

1473 prestonbroadus the Cudgeler (level 8, -6/62 HPs)
             Began as a Demonspawn Assassin on June 17, 2019.
             Was a Follower of Trog.
             Mangled by an orc priest
             ... wielding a +0 war axe
              (13 damage)
             ... on level 7 of the Dungeon.
             The game lasted 00:07:47 (4244 turns).

prestonbroadus the Cudgeler (Demonspawn Assassin)   Turns: 4244, Time: 00:07:47

Health: -6/62      AC:  9    Str: 14    XL:     8   Next: 49%
Magic:  8/8        EV:  8    Int: 12    God:    Trog [*.....]
Gold:   299        SH: 13    Dex: 15    Spells: 7/7 levels left

rFire    . . .     SeeInvis .   f - +2 flail (drain)
rCold    . . .     Gourm    .   j - +0 large shield
rNeg     . . .     Faith    .   c - +0 robe
rPois    .         Spirit   .   (helmet restricted)
rElec    .         Reflect  .   d - +0 cloak
rCorr    .         Harm     .   (no gloves)
MR       .....                  (no boots)
Stlth    ++++......             D - amulet "Metosoki" {Regen+ Stlth+}
HPRegen  0.60/turn              p - +3 ring of slaying
MPRegen  0.11/turn              h - +3 ring of protection

@: lethally poisoned (-6 -> -6)
A: antennae 1, slimy green scales 2, nightstalker 1, rot immunity
a: Berserk, Renounce Religion


You were on level 7 of the Dungeon.
You worshipped Trog.
Trog was aware of your devotion.
You were not hungry.

You visited 1 branch of the dungeon, and saw 7 of its levels.

You collected 299 gold pieces.

Inventory:

Hand Weapons
 a - a +2 dagger
 b - a +0 blowgun
 f - a +2 flail of draining (weapon)
 i - a +2 flail of protection
Missiles
 e - 39 poisoned needles
 s - 2 curare-tipped needles
 z - 8 tomahawks (quivered)
Armour
 c - a +0 robe (worn)
 d - a +0 cloak (worn)
 j - a +0 large shield (worn)
Jewellery
 h - a +3 ring of protection (right hand)
 p - a +3 ring of slaying (left hand)
 A - an uncursed amulet of guardian spirit
 B - an uncursed ring of protection from magic {unknown}
 D - the amulet "Metosoki" (around neck) {Regen+ Stlth+}
   (You found it on level 6 of the Dungeon)

   [amulet of regeneration]

   It increases your rate of regeneration.
   It makes you more stealthy.
Wands
 l - a wand of paralysis (9)
 u - a wand of polymorph (10)
 C - a wand of flame (25)
 F - a wand of clouds (7)
Scrolls
 k - 3 scrolls of teleportation {unknown}
 m - a scroll of fear {unknown}
 n - 2 scrolls of immolation {unknown}
 q - 3 scrolls of identify {unknown}
 r - 4 scrolls of remove curse {unknown}
 v - 2 scrolls of enchant weapon {unknown}
 y - a scroll of blinking {unknown}
 E - a scroll of amnesia {unknown}
Potions
 o - 2 potions of brilliance {unknown}
 w - a potion of might
 G - a potion of curing {unknown}
Comestibles
 g - 7 rations


   Skills:
 - Level 5.0 Fighting
 - Level 3.7 Short Blades
 * Level 5.7 Maces & Flails
 - Level 2.2 Throwing
 - Level 0.9 Dodging
 - Level 3.6 Stealth
 + Level 4.9 Shields


You had 7 spell levels left.
You didn't know any spells.
Your spell library was empty.

Dungeon Overview and Level Annotations

Branches:
Dungeon (7/15)
 Temple: D:4-7

Altars:
Hepliaklqana
Okawaru
Trog
Zin
The Shining One


Innate Abilities, Weirdness & Mutations

You have a pair of small antennae on your head.
You are mostly covered in slimy green scales. (AC +3)
You are slightly more attuned to the shadows.
You are immune to rotting.


Message History

The orc is moderately wounded.
You feel sick. You block the adder's attack. You block the orc priest's attack.
You block the orc's attack. The orc barely misses you.
Something completely misses you.
The leopard gecko bites you but does no damage.
The adder bites you but does no damage.
You closely miss the orc priest. You block the orc's attack.
The orc priest hits you with a +0 war axe.
* * * LOW HITPOINT WARNING * * *
You block the leopard gecko's attack. The orc barely misses you.
Something hits you but does no damage. You block the adder's attack.
The leopard gecko barely misses you.
Unknown command.
You barely miss the orc priest.
You feel sick. The adder bites you.
* * * LOW HITPOINT WARNING * * *
You are more poisoned.
The adder poisons you! The orc closely misses you.
Something hits you but does no damage.
The orc priest hits you with a +0 war axe!
You die...

######..#...
#.......#...
#.........
#..<......
#......###
+......#
#......#
+)ol...#
#.{@.#.#
#..lSoo...#
#....S....#
#..........#
#........#.#
#........# .
#........#


You could see an iguana, an orc priest, 2 adders, 2 orcs and a leopard gecko.

Vanquished Creatures
  Menkaure (D:6)
  Edmund (D:4)
  An eye of draining (D:4)
  A phantom (D:5)
  A necrophage (D:6)
  An ogre (D:6)
  Blork the orc (D:4)
  A wyvern zombie (D:6)
  A scorpion (D:6)
  A howler monkey (D:3)
  3 crimson imps
  A hound (D:5)
  4 orc wizards
  4 orc priests
  2 iguanas
  2 worker ants
  2 killer bee zombies (D:5)
  6 adders
  A shadow imp (D:5)
  An ooze (D:1)
  An adder skeleton (D:6)
  A dart slug (D:1)
  5 leopard geckos
  21 orcs
  3 giant cockroaches
  8 hobgoblins
  8 jackals
  5 quokkas
  7 bats
  3 frilled lizards
  5 goblins
  6 kobolds
  A quokka skeleton (D:6)
  6 rats
116 creatures vanquished.

Notes
Turn   | Place    | Note
-------+----------+-------------------------------------------
     0 | D:1      | prestonbroadus the Demonspawn Assassin began the quest for
                  | the Orb.
     0 | D:1      | Reached XP level 1. HP: 16/16 MP: 1/1
   105 | D:1      | Gained mutation: You have a pair of small antennae on your
                  | head. [demonic ancestry]
   105 | D:1      | Reached XP level 2. HP: 16/22 MP: 2/2
   506 | D:1      | Gained mutation: You are immune to rotting. [demonic
                  | ancestry]
   506 | D:1      | Reached XP level 3. HP: 24/28 MP: 3/3
  1185 | D:3      | Reached skill level 1 in Shields
  1185 | D:3      | Gained mutation: You are slightly more attuned to the
                  | shadows. [demonic ancestry]
  1185 | D:3      | Reached XP level 4. HP: 34/35 MP: 4/4
  1579 | D:3      | Reached XP level 5. HP: 33/41 MP: 5/5
  1978 | D:4      | Noticed Edmund
  1985 | D:4      | Killed Edmund
  1985 | D:4      | Gained mutation: You are partially covered in slimy green
                  | scales. (AC +2) [demonic ancestry]
  1985 | D:4      | Reached XP level 6. HP: 48/48 MP: 6/6
  2055 | D:4      | Found a bloodstained altar of Trog.
  2088 | D:4      | Reached skill level 1 in Maces & Flails
  2100 | D:4      | Noticed Blork the orc
  2114 | D:4      | Killed Blork the orc
  2309 | D:4      | Became a worshipper of Trog the Wrathful
  2556 | D:5      | Entered Level 5 of the Dungeon
  2576 | D:5      | Gained mutation: You are mostly covered in slimy green
                  | scales. (AC +3) [demonic ancestry]
  2576 | D:5      | Reached XP level 7. HP: 49/55 MP: 7/7
  3317 | D:5      | Reached skill level 5 in Fighting
  3365 | D:5      | Found an iron altar of Okawaru.
  3544 | D:5      | Found a hazy altar of Hepliaklqana.
  3565 | D:5      | Found a glowing golden altar of the Shining One.
  3725 | D:6      | Reached * piety under Trog
  3725 | D:6      | Reached XP level 8. HP: 59/62 MP: 6/8
  3734 | D:6      | Got a sparkling diamond amulet
  3736 | D:6      | Identified the amulet "Metosoki" {Regen+ Stlth+} (You found
                  | it on level 6 of the Dungeon)
  3952 | D:6      | Reached skill level 5 in Maces & Flails
  4034 | D:6      | Found a glowing silver altar of Zin.
  4097 | D:6      | Noticed Menkaure
  4106 | D:6      | Killed Menkaure
  4244 | D:7      | Mangled by an orc priest

Skill      XL: |  1  2  3  4  5  6  7  8 |
---------------+-------------------------+-----
Short Blades   | 2 3 |  3.7
Throwing       | 2 |  2.2
Fighting       | 3 4 5 |  5.0
Shields        | 1 2 3 4 |  4.9
Maces & Flails | 2 4 5 |  5.7
Dodging        | |  0.9
Stealth        | |  3.6

Action                   |  1- 3 |  4- 6 |  7- 9 || total
-------------------------+-------+-------+-------++-------
Melee: Dagger            |   126 |    95 |       ||   221
       Flail             |       |    29 |   170 ||   199
 Fire: Blowgun           |       |     2 |       ||     2
Evoke: Wand              |       |     1 |       ||     1
  Use: Potion            |     3 |       |     1 ||     4
 Stab: Sleeping          |     4 |     9 |     7 ||    20
       Paralysed         |       |     1 |       ||     1
       Distracted        |       |     1 |       ||     1
  Eat: Chunk             |     1 |     4 |     6 ||    11
Armor: Robe              |    27 |    22 |    82 ||   131
Dodge: Dodged            |    77 |    23 |    53 ||   153
Block: Large shield      |    37 |    61 |   114 ||   212
